 Dungeon Crawl Stone Soup version 0.23-a0-703-gdf2d5e0 (console) character file.

29 bli the Skirmisher (level 3, -2/30 HPs)
             Began as a Formicid Abyssal Knight on Jan 13, 2019.
             Was a Follower of Lugonu.
             Slain by a worm (5 damage)
             ... on level 2 of the Dungeon.
             The game lasted 00:04:03 (665 turns).

bli the Skirmisher (Formicid Abyssal Knight)         Turns: 665, Time: 00:04:04

Health: -2/30      AC:  3    Str: 17    XL:     3   Next: 32%
Magic:  4/4        EV: 11    Int: 13    God:    Lugonu [*.....]
Gold:   53         SH:  0    Dex: 10    Spells: 2/2 levels left

rFire    . . .     SeeInvis +   a - +1 hand axe
rCold    + . .     Gourm    .   (no shield)
rNeg     . . .     Faith    .   d - +0 leather armour
rPois    .         Spirit   .   (helmet unavailable)
rElec    .         Reflect  .   (no cloak)
rCorr    .         Harm     .   (no gloves)
MR       .....                  (no boots)
Stlth    +.........             (no amulet)
HPRegen  0.10/turn              r - ring of protection from cold
MPRegen  0.09/turn              (no ring)

@: no status effects
A: permanent stasis, dig shafts and tunnels, four strong arms, antennae 3,
blurry vision 1, clever 1
a: Dig, Shaft Self, Depart the Abyss, Renounce Religion


You were on level 2 of the Dungeon.
You worshipped Lugonu.
Lugonu was aware of your devotion.
You were not hungry.

You visited 1 branch of the dungeon, and saw 2 of its levels.
You visited the Abyss 1 time.

You collected 53 gold pieces.

Inventory:

Hand Weapons
 a - a +1 hand axe (weapon)
 b - a +0 hunting sling
Missiles
 j - 6 poisoned needles
 k - 38 stones (quivered)
Armour
 d - a +0 leather armour (worn)
 e - a +0 chain mail
Jewellery
 r - a ring of protection from cold (left hand)
Scrolls
 h - 2 scrolls of immolation {unknown}
 i - a scroll of fog {unknown}
 m - 2 scrolls of teleportation {unknown}
 n - a scroll of enchant armour {unknown}
 o - 2 scrolls of enchant weapon {unknown}
Potions
 l - a potion of flight {unknown}
 p - a potion of might {unknown}
 q - a potion of heal wounds {unknown}
Comestibles
 c - a ration
 f - 6 chunks of flesh


   Skills:
 + Level 4.1 Fighting
 * Level 2.7 Axes
 - Level 2.1 Armour
 - Level 0.8 Dodging
 - Level 2.1 Invocations


You had 2 spell levels left.
You didn't know any spells.
Your spell library was empty.

Dungeon Overview and Level Annotations

Branches:
Dungeon (2/15)

Altars:

Annotations:
D:2 Sigmund


Innate Abilities, Weirdness & Mutations

You cannot be hasted, slowed, berserked, paralysed or teleported.
You can dig through walls and to a lower floor.
Your four strong arms can wield two-handed weapons with a shield.
You have a pair of large antennae on your head. (SInv)
Scrolls take you a little longer to read.
Your mind is acute. (Int +2)


Message History

Sigmund hits you with a +0 scythe!
* * * LOW HITPOINT WARNING * * *
Sigmund closely misses you.
It was a potion of mutation.
You feel extremely strange.
Your vision blurs.
You feel yourself wasting away.
You feel healthier.
You feel clever.
You feel less confused. Sigmund barely misses you.
You hit Sigmund.
Sigmund is heavily wounded.
You hit the worm but do no damage. The worm barely misses you.
You completely miss Sigmund.
Sigmund is heavily wounded.
You hit the worm. Sigmund closely misses you. The worm barely misses you.
You hit Sigmund but do no damage.
Sigmund is heavily wounded.
You hit the worm. Sigmund hits you but does no damage.
You hit Sigmund.
Sigmund is heavily wounded.
You barely miss the worm. The worm bites you.
You die...

# .. { ..####### ..
.......###### .# >..
##.....##...##..# #..
##..............#
#.####..........@w.?.#
..##...#.(.....@!.......
..>............).....###
....................##
.........#...##.......
.........########..#...
........## .##.###
..##...## .. # #.####.#
## #.# #.###.# #.#
#.....#


You could see Sigmund and a worm.

Vanquished Creatures
  2 dart slugs (D:1)
  A ball python (D:1)
  2 giant cockroaches (D:1)
  A goblin (D:1)
  4 hobgoblins (D:1)
  6 bats (D:1)
  2 frilled lizards (D:1)
  3 kobolds
  6 rats
27 creatures vanquished.

Notes
Turn   | Place    | Note
-------+----------+-------------------------------------------
     0 | Abyss:1  | bli the Formicid Abyssal Knight began the quest for the
                  | Orb.
     0 | Abyss:1  | Reached XP level 1. HP: 18/18 MP: 2/2
    36 | Abyss:1  | Noticed a cacodemon
    64 | Abyss:1  | Noticed an ice devil
    66 | D:1      | Escaped the Abyss
   224 | D:1      | Reached XP level 2. HP: 19/24 MP: 3/3
   454 | D:1      | Reached skill level 4 in Fighting
   454 | D:1      | Reached XP level 3. HP: 26/30 MP: 4/4
   503 | D:1      | Reached * piety under Lugonu
   649 | D:2      | Noticed Sigmund
   661 | D:2      | Gained mutation: Scrolls take you a little longer to read.
                  | [potion of mutation]
   661 | D:2      | Gained mutation: Your body sometimes deteriorates upon
                  | taking damage. [potion of mutation]
   661 | D:2      | Lost mutation: Your body sometimes deteriorates upon taking
                  | damage. [potion of mutation]
   661 | D:2      | Gained mutation: Your mind is acute. (Int +2) [potion of
                  | mutation]
   665 | D:2      | Slain by a worm

Vault maps used:
D:1:      dpeg_arrival_round_c, chequers_garden, st_stairs_10
D:2:      lemuel_round_altar, first_ration, uniq_natasha, uniq_sigmund,
          uniq_robin

Skill      XL: |  1  2 |
---------------+-------+-----
Fighting       | 4 |  4.1
Axes           | |  2.7
Armour         | |  2.1
Dodging        | |  0.8
Invocations    | |  2.1

Action                   || total
-------------------------++-------
Melee: Hand axe          ||    78
Invok: Depart the Abyss  ||     1
 Abil: Dig               ||     4
  Use: Potion            ||     1
Armor: Leather armour    ||    26
Dodge: Dodged            ||    50

Table legend:
 A = Non-vault XP
 B = Vault XP
 C = Vault XP percentage of total XP
 D = Non-vault monster count
 E = Vault monster count
 F = Vault count percentage of total count
                 A         B        C        D         E       F
            +---------+---------+-------+---------+---------+-------
      Total |      40 |       2 |   4.8 |      26 |       1 |   3.7
            +---------+---------+-------+---------+---------+-------
        D:1 |      37 |       2 |   5.1 |      23 |       1 |   4.2
        D:2 |       3 |       0 |   0.0 |       3 |       0 |   0.0
            +---------+---------+-------+---------+---------+-------
